[Event "Titled Tuesday Blitz June 20 Early 2023"]
[White "Sowul, Bartosz"]
[Black "Lorparizangeneh, Shahin"]
[WhiteFideId "1137590"]
[BlackFideId "12521604"]
[WhiteElo "2188"]
[BlackElo "2526"]
[Result "1/2-1/2"]
[Round "8"]
[TimeControl "180+2"]
[Date "2023.06.20"]
[WhiteClock "0:00:31"]
[BlackClock "0:00:32"]
[Board "35"]

1. e4 e5 2. Nf3 Nc6 3. Bb5 a6 4. Bxc6 dxc6 5. O-O Bd6 6. d4 exd4 7. Qxd4 f6 8. Be3 Be6 9. Nbd2 c5 10. Qc3 Ne7 11. Bxc5 O-O 12. Rad1 Bxc5 13. Qxc5 Nc6 14. Nb3 Qe8 15. Nbd4 Bg4 16. Nxc6 bxc6 17. Qc4+ Kh8 18. Rd3 Rb8 19. b3 a5 20. h3 Rb4 21. Qc5 Bxf3 22. Rxf3 Rxe4 23. Qxa5 Re2 24. Qc3 Qe4 25. Re3 Qxc2 26. Qxc2 Rxc2 27. Ra1 Rd8 28. a4 h6 29. a5 Rdd2 30. b4 Rxf2 31. Rg3 Ra2 32. Rxa2 Rxa2 33. Rc3 Ra4 34. Rxc6 Rxb4 35. Rxc7 Ra4 36. Ra7 Ra2 37. Kh2 h5 38. Kg3 Kh7 39. a6 Kh6 40. Ra8 g5 41. a7 Kg7 42. Kf3 Kh7 43. Ke4 Kg7 44. g4 hxg4 45. hxg4 Ra5 46. Kd4 Ra1 47. Ke4 Ra4+ 48. Kf3 Rf4+ 49. Kg3 Ra4 50. Kf3 Kh7 51. Kg3 Ra3+ 52. Kg2 Kg7 53. Kf2 Ra4 54. Kf3 1/2-1/2


[Site "https://www.chess.com"]

[Event "Titled Tuesday Blitz June 20 Early 2023"]
[White "Mendonca, Leon Luke"]
[Black "Zaragatski, Ilja"]
[WhiteFideId "35028561"]
[BlackFideId "4655192"]
[WhiteElo "2464"]
[BlackElo "2460"]
[Result "1-0"]
[Round "8"]
[TimeControl "180+2"]
[Date "2023.06.20"]
[WhiteClock "0:00:20"]
[BlackClock "0:00:08"]
[Board "36"]

1. e4 d6 2. d4 Nf6 3. Nc3 e5 4. Nf3 Nbd7 5. Be2 Be7 6. O-O O-O 7. a4 c6 8. Re1 Qc7 9. a5 Rb8 10. h3 b5 11. axb6 axb6 12. d5 cxd5 13. exd5 Nc5 14. Nb5 Qd7 15. b4 Na6 16. Bd2 Nc7 17. Nxc7 Qxc7 18. c4 Ne4 19. Be3 Nc3 20. Qd2 Nxe2+ 21. Qxe2 f5 22. Bg5 f4 23. Bxe7 Qxe7 24. Nd2 Bf5 25. f3 Rfc8 26. Ne4 Qc7 27. Rec1 Ra8 28. Rxa8 Rxa8 29. c5 bxc5 30. bxc5 Bxe4 31. Qxe4 dxc5 32. d6 Qd7 33. Rxc5 Ra1+ 34. Kh2 Qxd6 35. Rc8+ Kf7 36. Qf5+ Ke7 37. Qf8+ Ke6 38. Re8+ Kd5 39. Rd8 Ra6 40. Rxd6+ Rxd6 1-0


[Site "https://www.chess.com"]

[Event "Titled Tuesday Blitz June 20 Early 2023"]
[White "Zemlyanskii, Ivan"]
[Black "Asavasaetakul, Chawit"]
[WhiteFideId "24249971"]
[BlackFideId "6204856"]
[WhiteElo "2421"]
[BlackElo "1919"]
[Result "1-0"]
[Round "8"]
[TimeControl "180+2"]
[Date "2023.06.20"]
[WhiteClock "0:00:18"]
[BlackClock "0:00:13"]
[Board "37"]

1. d4 d5 2. Bf4 c6 3. e3 Qb6 4. Qc1 Bf5 5. Bd3 Bxd3 6. cxd3 Nd7 7. Nc3 e6 8. Nf3 Ngf6 9. O-O Be7 10. e4 O-O 11. e5 Ne8 12. h4 Rc8 13. Qd2 h5 14. Ne2 g6 15. Bg5 Qd8 16. Nf4 Ng7 17. Bxe7 Qxe7 18. Ne2 Nf5 19. g3 Kg7 20. Kg2 c5 21. dxc5 Rxc5 22. Rfe1 Rfc8 23. Ned4 Nh6 24. Qf4 a6 25. Re2 R5c7 26. Rae1 Nc5 27. Rd2 b5 28. Ng5 b4 29. f3 b3 30. a3 Rb8 31. g4 hxg4 32. fxg4 Nd7 33. h5 Nf8 34. Rf1 a5 35. Rdf2 Rbb7 36. Ngf3 gxh5 37. gxh5 Kh7 38. Ng5+ Kg7 39. Kh2 Nh7 40. Rg2 Nxg5 41. Rxg5+ Kh7 42. Rfg1 Qf8 43. Qf6 Ng8 44. Rg7+ Kh8 45. Rxg8+ 1-0


[Site "https://www.chess.com"]

[Event "Titled Tuesday Blitz June 20 Early 2023"]
[White "Weetik, Vjacheslav"]
[Black "angelgab3"]
[WhiteFideId "4153472"]
[WhiteElo "2469"]
[BlackElo "2539"]
[Result "0-1"]
[Round "8"]
[TimeControl "180+2"]
[Date "2023.06.20"]
[WhiteClock "0:00:00"]
[BlackClock "0:00:22"]
[Board "38"]

1. d4 Nf6 2. c4 e6 3. g3 d5 4. Nf3 dxc4 5. Bg2 Bd7 6. O-O Bc6 7. Qc2 b5 8. Nbd2 Be7 9. b3 cxb3 10. axb3 O-O 11. e4 a5 12. Bb2 Ra6 13. Rad1 Nbd7 14. d5 Bb7 15. dxe6 Rxe6 16. Nd4 Rb6 17. Nf5 Bd6 18. f4 Re8 19. e5 Bc5+ 20. Kh1 Bxg2+ 21. Kxg2 Qa8+ 22. Kh3 Nd5 23. Ne4 Bf8 24. Qd3 c6 25. Qf3 Qc8 26. g4 Qb8 27. Rg1 Re6 28. g5 g6 29. Nf6+ N7xf6 30. gxf6 Qc8 31. Qg4 Re8 32. Kh4 Kh8 33. Nd4 Qxg4+ 34. Rxg4 Ne3 35. Rdg1 Nxg4 36. Kxg4 a4 37. Nf3 a3 38. Ba1 c5 39. Rd1 c4 40. Rd7 cxb3 41. Ng5 Reb8 42. Nxf7+ Kg8 43. Ng5 R6b7 44. f7+ Kg7 45. Bc3 b4 46. Bd4 Rxd7 0-1


[Site "https://www.chess.com"]

[Event "Titled Tuesday Blitz June 20 Early 2023"]
[White "Narayanan.S.L"]
[Black "Marek, Matyas"]
[WhiteFideId "5058422"]
[BlackFideId "335398"]
[WhiteElo "2563"]
[BlackElo "2302"]
[Result "1-0"]
[Round "8"]
[TimeControl "180+2"]
[Date "2023.06.20"]
[WhiteClock "0:01:00"]
[BlackClock "0:00:12"]
[Board "39"]

1. g3 Nf6 2. Bg2 g6 3. Nf3 Bg7 4. O-O O-O 5. d3 d6 6. Nbd2 e5 7. a4 Nbd7 8. a5 a6 9. c4 c6 10. b4 Re8 11. Bb2 Nf8 12. c5 dxc5 13. bxc5 N6d7 14. Qc2 Qe7 15. Ne4 h6 16. e3 Ne6 17. Rfc1 Nc7 18. Nd6 Rf8 19. Nd2 Nb5 20. N2e4 Nf6 21. Nxb5 axb5 22. Nd6 Ra6 23. Bc3 h5 24. h3 Nd7 25. Bb4 Rd8 26. Re1 Nf8 27. Rad1 Be6 28. d4 exd4 29. exd4 Qc7 30. Qe2 Nd7 31. d5 Bxd5 32. Bxd5 cxd5 33. Qe7 Rf8 34. Nxb5 Qc6 35. Nd4 Qc8 36. Nb5 Nf6 37. Kg2 Qc6 38. Nd4 Qa4 39. Qxb7 Raa8 40. Ra1 Ra7 41. Rxa4 Rxb7 42. a6 Ra7 43. Nc6 Raa8 44. a7 Ne4 45. Ne7+ Kh7 46. Nxd5 Rfc8 47. Nb6 1-0


[Site "https://www.chess.com"]

[Event "Titled Tuesday Blitz June 20 Early 2023"]
[White "Gordievsky, Dmitry"]
[Black "Nagare Kaivalya Sandip"]
[WhiteFideId "24112798"]
[BlackFideId "25957929"]
[WhiteElo "2546"]
[BlackElo "2024"]
[Result "1-0"]
[Round "8"]
[TimeControl "180+2"]
[Date "2023.06.20"]
[WhiteClock "0:00:15"]
[BlackClock "0:00:12"]
[Board "40"]

1. Nf3 d5 2. g3 Bg4 3. Bg2 Nd7 4. h3 Bxf3 5. Bxf3 e6 6. d3 g6 7. O-O Bg7 8. e4 Ne7 9. c3 O-O 10. Bg2 c6 11. Qe2 Qc7 12. Nd2 Rad8 13. Nf3 Rfe8 14. h4 h5 15. Bg5 Bf6 16. Bxf6 Nxf6 17. e5 Nd7 18. Rae1 c5 19. Ng5 Nf5 20. Kh2 b5 21. f4 b4 22. Bh3 bxc3 23. bxc3 Qa5 24. Rc1 Nf8 25. g4 hxg4 26. Bxg4 Rb8 27. h5 Rb6 28. hxg6 Nxg6 29. Bxf5 exf5 30. Qh5 Qxa2+ 31. Kg3 Kf8 32. Ra1 Qd2 33. Qh6+ Ke7 34. Rxa7+ Kd8 35. Nxf7+ Kc8 36. Ra8+ Kb7 37. Rxe8 Qe3+ 38. Kh2 Rb2+ 39. Kh1 Qg3 40. Nd6+ Kc6 41. Rc8+ Kd7 42. Qg7+ 1-0


[Site "https://www.chess.com"]

[Event "Titled Tuesday Blitz June 20 Early 2023"]
[White "Weishaeutel, Moritz"]
[Black "Indjic, Aleksandar"]
[WhiteFideId "12967300"]
[BlackFideId "911925"]
[WhiteElo "2301"]
[BlackElo "2614"]
[Result "0-1"]
[Round "8"]
[TimeControl "180+2"]
[Date "2023.06.20"]
[WhiteClock "0:00:02"]
[BlackClock "0:00:58"]
[Board "41"]

1. e4 e5 2. Nf3 Nc6 3. c3 Nf6 4. d4 Nxe4 5. d5 Ne7 6. Nxe5 Ng6 7. Nxg6 hxg6 8. Bd3 Nc5 9. O-O Qh4 10. h3 d6 11. Bb5+ Kd8 12. Qf3 Bf5 13. Re1 Be7 14. Nd2 a6 15. Bf1 Bf6 16. Nc4 Be4 17. Qd1 b5 18. Ne3 Kd7 19. Ng4 Rae8 20. a4 bxa4 21. Rxa4 Bc2 22. Qxc2 Rxe1 23. Ne5+ Bxe5 24. Rxh4 Rxh4 25. Qd2 Rhe4 26. f3 Bf4 27. Qxf4 Rxf4 28. Bxf4 Nd3 29. Bg3 Rc1 30. b4 Kc8 31. Bh4 Rxc3 32. Be2 Nxb4 33. Be1 Rb3 34. Bxb4 Rxb4 35. Bxa6+ Kd8 36. Bd3 f5 37. Kf2 Rd4 38. Ke3 Rxd5 39. Bc4 Rc5 40. Bf7 g5 0-1


[Site "https://www.chess.com"]

[Event "Titled Tuesday Blitz June 20 Early 2023"]
[White "Baskakov, Egor"]
[Black "Druska, Juraj"]
[WhiteFideId "24197866"]
[BlackFideId "14915650"]
[WhiteElo "2225"]
[BlackElo "2415"]
[Result "1-0"]
[Round "8"]
[TimeControl "180+2"]
[Date "2023.06.20"]
[WhiteClock "0:00:23"]
[BlackClock "0:00:00"]
[Board "42"]

1. e4 d6 2. g3 g6 3. Bg2 Bg7 4. Ne2 c5 5. d4 cxd4 6. Nxd4 Nf6 7. h3 O-O 8. O-O Nc6 9. Ne2 Rb8 10. a4 b6 11. Nbc3 Bb7 12. Nd5 Rc8 13. Be3 Qd7 14. c4 Na5 15. Bd4 Nxc4 16. Nxf6+ Bxf6 17. Bxf6 exf6 18. b3 Ne5 19. Nf4 Rc3 20. a5 b5 21. Qd4 Rxb3 22. Qxa7 Ra8 23. Qd4 Qd8 24. Nd5 Rd3 25. Qb4 Ba6 26. Nb6 Ra7 27. Rfd1 Rc7 28. Rxd3 Nxd3 29. Qd4 Ne5 30. Rd1 Nc4 31. Nd5 Kg7 32. Nxc7 Qxc7 33. Bf1 Qxa5 34. Ra1 Qd2 35. Qxd2 Nxd2 36. Rxa6 b4 37. Rxd6 Nxe4 38. Rb6 b3 39. Rxb3 Nc5 40. Rb5 Ne6 41. Rb7 Nc5 42. Rc7 Ne6 43. Re7 Kf8 44. Ra7 h5 45. Bc4 Ng5 46. h4 1-0


[Site "https://www.chess.com"]

[Event "Titled Tuesday Blitz June 20 Early 2023"]
[White "Demidov, Mikhail"]
[Black "Kvaloy, Aksel Bu"]
[WhiteFideId "4197143"]
[BlackFideId "1528815"]
[WhiteElo "2500"]
[BlackElo "2318"]
[Result "1/2-1/2"]
[Round "8"]
[TimeControl "180+2"]
[Date "2023.06.20"]
[WhiteClock "0:00:22"]
[BlackClock "0:00:21"]
[Board "43"]

1. Nf3 Nf6 2. g3 d5 3. Bg2 c6 4. O-O Bg4 5. Ne5 Bf5 6. d4 e6 7. c4 Be7 8. Nc3 Nbd7 9. Qb3 Qb6 10. Nxd7 Nxd7 11. e4 dxe4 12. Nxe4 O-O 13. Bf4 Bxe4 14. Bxe4 Qxd4 15. Bxh7+ Kxh7 16. Rfd1 Nc5 17. Rxd4 Nxb3 18. axb3 Rfd8 19. Rxd8 Bxd8 20. Rd1 Kg8 21. Rd7 Bf6 22. Rxb7 Bxb2 23. Be3 a5 24. Rb6 e5 25. Rxc6 Bd4 26. Bxd4 exd4 27. Rb6 a4 28. bxa4 Rxa4 29. Rc6 d3 30. Rd6 Rxc4 31. Rxd3 g6 32. Kg2 Kg7 33. Rd5 Ra4 34. h4 Rb4 35. h5 gxh5 36. Rxh5 Kg6 37. Re5 f6 38. Rc5 Ra4 39. Rc2 Rb4 40. Ra2 Rc4 41. f3 Rc1 42. Ra5 Rc4 43. g4 Rb4 44. Kg3 Rc4 45. Ra6 Rc1 46. Rb6 Ra1 47. f4 Rg1+ 48. Kf3 Rf1+ 49. Ke3 Kg7 50. Ke4 Ra1 51. Kf5 Ra5+ 52. Ke6 Kg6 53. Rd6 Ra4 54. g5 Rxf4 55. gxf6 Rxf6+ 56. Ke5 Rxd6 57. Kxd6 1/2-1/2


[Site "https://www.chess.com"]

[Event "Titled Tuesday Blitz June 20 Early 2023"]
[White "Grandelius, Nils"]
[Black "Bauman_Guy"]
[WhiteFideId "1710400"]
[WhiteElo "2573"]
[BlackElo "2658"]
[Result "1-0"]
[Round "8"]
[TimeControl "180+2"]
[Date "2023.06.20"]
[WhiteClock "0:00:03"]
[BlackClock "0:00:00"]
[Board "44"]

1. c4 Nf6 2. Nf3 g6 3. b4 a5 4. b5 Bg7 5. Bb2 O-O 6. g3 d6 7. Bg2 Nbd7 8. O-O e5 9. d3 Re8 10. Nc3 Nc5 11. Nd2 h5 12. Nf3 Bg4 13. Rc1 Qc8 14. Ba3 Bh3 15. Bxh3 Qxh3 16. Bxc5 dxc5 17. Ne4 Nxe4 18. dxe4 Red8 19. Qc2 Bh6 20. Rcd1 Qe6 21. Rd5 Rxd5 22. cxd5 Qd6 23. b6 Qxb6 24. Rb1 Qa6 25. Nxe5 Bg7 26. Nd3 b6 27. f4 c4 28. Ne1 b5 29. e5 b4 30. Nf3 c3 31. Rd1 Rd8 32. Qe4 Qb6+ 33. Kg2 Qc5 34. e6 f5 35. e7 Re8 36. Qe6+ Kh7 37. d6 c2 38. d7 Rxe7 39. Ng5+ Kh6 40. Qg8 Bf6 41. Qf8+ Rg7 42. d8=Q Bxd8 43. Qh8+ 1-0


[Site "https://www.chess.com"]

[Event "Titled Tuesday Blitz June 20 Early 2023"]
[White "Christiansen, Johan-Sebastian"]
[Black "Timerkhanov, Alexander"]
[WhiteFideId "1512668"]
[BlackFideId "24177938"]
[WhiteElo "2531"]
[BlackElo "2278"]
[Result "0-1"]
[Round "8"]
[TimeControl "180+2"]
[Date "2023.06.20"]
[WhiteClock "0:00:00"]
[BlackClock "0:00:19"]
[Board "45"]

1. e4 c5 2. Nf3 a6 3. c3 d5 4. exd5 Qxd5 5. d4 Nf6 6. Be3 cxd4 7. cxd4 e6 8. Nc3 Qd6 9. Rc1 Nc6 10. Bd3 Be7 11. O-O O-O 12. Bb1 b5 13. Ne4 Nxe4 14. Bxe4 Bb7 15. Ne5 Rac8 16. Qh5 g6 17. Nxg6 fxg6 18. Bxg6 hxg6 19. Qxg6+ Kh8 20. Qh5+ Kg8 21. Bh6 Rf6 22. Rc5 Rxh6 23. Qxh6 Nxd4 24. Qg6+ Kf8 25. Rh5 Ne2+ 26. Kh1 Qd4 27. Rh7 Bxg2+ 28. Qxg2 Nf4 29. Qf3 Bd6 30. Rg1 Be5 31. h4 Qd5 32. Qxd5 exd5 33. Rg5 Re8 34. Rd7 d4 35. h5 Re6 36. Rh7 d3 37. Rd7 Rd6 38. Rf5+ Kg8 39. Rxd6 Bxd6 40. Rg5+ Kh7 41. Rg1 Nh3 42. Rd1 Nxf2+ 0-1


[Site "https://www.chess.com"]

[Event "Titled Tuesday Blitz June 20 Early 2023"]
[White "Sethuraman, S.P."]
[Black "Seemann, Jakub"]
[WhiteFideId "5021596"]
[BlackFideId "21874697"]
[WhiteElo "2543"]
[BlackElo "2364"]
[Result "1-0"]
[Round "8"]
[TimeControl "180+2"]
[Date "2023.06.20"]
[WhiteClock "0:00:23"]
[BlackClock "0:00:00"]
[Board "46"]

1. d4 d5 2. Bf4 Nf6 3. e3 e6 4. Nf3 c5 5. Nbd2 Nc6 6. c3 cxd4 7. exd4 Nh5 8. Bg5 Qc7 9. Bb5 a6 10. Ba4 Bd6 11. Ne5 Nf6 12. f4 O-O 13. O-O Ne8 14. Bh4 f6 15. Nd3 Bd7 16. Qe1 g6 17. Rd1 Ng7 18. Bb3 Rae8 19. Nf3 Na5 20. Bc2 Nc4 21. Bf2 Bxf4 22. Nxf4 Qxf4 23. b3 Na3 24. Bd3 Qc7 25. Bg3 Qc6 26. Qd2 Nf5 27. Bf4 g5 28. Bxg5 fxg5 29. Ne5 Qc7 30. Qxg5+ Kh8 31. g4 Bb5 32. gxf5 Rg8 33. Ng6+ hxg6 34. f6 Ref8 35. Rf4 Rf7 36. Bxb5 Nxb5 37. Rd3 Rh7 38. f7 Rf8 39. Qf6+ 1-0


[Site "https://www.chess.com"]

[Event "Titled Tuesday Blitz June 20 Early 2023"]
[White "Eugene, Floryan"]
[Black "Maksimovic, Bojan"]
[WhiteFideId "20694784"]
[BlackFideId "14408120"]
[WhiteElo "2369"]
[BlackElo "2457"]
[Result "0-1"]
[Round "8"]
[TimeControl "180+2"]
[Date "2023.06.20"]
[WhiteClock "0:00:05"]
[BlackClock "0:00:31"]
[Board "47"]

1. d4 Nf6 2. c4 c5 3. d5 b5 4. cxb5 a6 5. bxa6 g6 6. Nc3 Bg7 7. e4 O-O 8. Nf3 Qa5 9. Bd2 Bxa6 10. Bxa6 Qxa6 11. Qe2 d6 12. Qxa6 Nxa6 13. O-O Rfb8 14. Rfb1 Nb4 15. Ne1 Nd7 16. a3 Na6 17. Nc2 c4 18. Ne3 Nac5 19. Nxc4 Nb3 20. Be1 Rc8 21. Ne3 Nxa1 22. Rxa1 Nc5 23. f3 Nd3 24. Ned1 Nxb2 25. Nxb2 Bxc3 26. Bxc3 Rxc3 27. a4 Rb3 28. Nd1 f5 29. Kf2 fxe4 30. fxe4 Rf8+ 31. Ke2 Rf4 32. a5 Rxe4+ 33. Kd2 Rc4 34. a6 Rc8 35. Ne3 Rb6 36. Nc4 Rxc4 37. a7 Rb2+ 38. Kd3 Rc8 39. a8=Q Rxa8 40. Rxa8+ Kg7 41. Re8 Kf7 42. Rh8 h5 43. g4 hxg4 44. Rh4 Kf6 45. Ke4 Rb4+ 46. Ke3 Ke5 47. Rh7 Rb3+ 48. Kd2 Rb7 49. Rg7 Kf6 50. Rh7 Rb5 51. Ke3 Rxd5 52. Kf4 Rd4+ 53. Ke3 Ra4 54. Rh8 d5 55. Rd8 Ke5 56. Rg8 Ra3+ 57. Kf2 Kf5 58. Re8 e5 59. Rf8+ Ke4 60. Rg8 g5 61. Rxg5 Kf4 62. Rg8 Ra2+ 63. Ke1 d4 64. Rf8+ Ke3 65. Kf1 e4 66. h3 gxh3 67. Kg1 h2+ 68. Kh1 Ra1+ 69. Kxh2 d3 70. Kg2 d2 71. Rh8 d1=Q 72. Rh3+ Qf3+ 73. Rxf3+ exf3+ 0-1


[Site "https://www.chess.com"]

[Event "Titled Tuesday Blitz June 20 Early 2023"]
[White "ATM622"]
[Black "Avinash Ramesh"]
[BlackFideId "45018340"]
[WhiteElo "2624"]
[BlackElo "2300"]
[Result "1-0"]
[Round "8"]
[TimeControl "180+2"]
[Date "2023.06.20"]
[WhiteClock "0:00:33"]
[BlackClock "0:00:11"]
[Board "48"]

1. d4 d5 2. c4 e6 3. Nf3 Nf6 4. g3 Be7 5. Bg2 O-O 6. O-O b6 7. Nbd2 Bb7 8. Qc2 Nbd7 9. b3 c5 10. Bb2 Rc8 11. Rac1 dxc4 12. bxc4 cxd4 13. Nxd4 Bxg2 14. Kxg2 Qc7 15. Kg1 Rfd8 16. Rfd1 Nc5 17. N2f3 Qb7 18. Nb5 a6 19. Bxf6 gxf6 20. Nc3 Rxd1+ 21. Rxd1 Rd8 22. Rxd8+ Bxd8 23. Nd4 f5 24. Nb3 Qc6 25. Qd1 Bf6 26. Nd4 Qd6 27. e3 Kf8 28. h4 Ke7 29. Nd5+ Kf8 30. Nxf6 Qe7 31. Nxh7+ Kg7 32. Qh5 f6 33. Ng5 fxg5 34. hxg5 Kg8 35. Qg6+ Qg7 36. Qe8+ Qf8 37. Qxf8+ Kxf8 38. Kg2 Kf7 39. Kh3 Kg6 40. f4 e5 41. Nf3 exf4 42. gxf4 Na4 43. Nh4+ Kf7 44. Nxf5 Nc3 45. Kg4 Nxa2 46. Nh6+ Ke7 47. f5 Nc3 48. f6+ Ke6 49. f7 Ke7 50. g6 Kf8 51. Nf5 Ne4 52. Kh5 Nf6+ 53. Kg5 Ne4+ 54. Kh6 Nf6 55. e4 Ng4+ 56. Kh7 Nf6+ 57. Kh8 Nh5 58. e5 b5 59. e6 1-0


[Site "https://www.chess.com"]

[Event "Titled Tuesday Blitz June 20 Early 2023"]
[White "Shukhman, Anna"]
[Black "Sattarov, Bobir"]
[WhiteFideId "54180058"]
[BlackFideId "14203081"]
[WhiteElo "2235"]
[BlackElo "2351"]
[Result "0-1"]
[Round "8"]
[TimeControl "180+2"]
[Date "2023.06.20"]
[WhiteClock "0:00:18"]
[BlackClock "0:01:04"]
[Board "49"]

1. e4 e5 2. Nf3 Nc6 3. Bc4 Nf6 4. Ng5 d5 5. exd5 Na5 6. Bb5+ c6 7. dxc6 bxc6 8. Bd3 Nd5 9. h4 Nf4 10. Bf1 h6 11. Ne4 f5 12. Ng3 Bc5 13. d4 Bxd4 14. Bxf4 Bxf2+ 15. Ke2 Ba6+ 16. Kxf2 Qxd1 17. Bxa6 Qd4+ 18. Be3 Qxb2 19. Nd2 f4 20. Nge4 fxe3+ 21. Kxe3 O-O 22. Rab1 Qd4+ 23. Ke2 Rab8 24. Rbd1 c5 25. c3 Qa4 26. Bd3 c4 27. Bb1 Rb2 28. Rhf1 Rxf1 29. Rxf1 Qd7 30. Ke3 a6 31. Nc5 Qxd2+ 0-1


[Site "https://www.chess.com"]

[Event "Titled Tuesday Blitz June 20 Early 2023"]
[White "Janaszak, Dawid"]
[Black "Hayrapetyan, Hovik"]
[WhiteFideId "1119206"]
[BlackFideId "13302639"]
[WhiteElo "2220"]
[BlackElo "2348"]
[Result "0-1"]
[Round "8"]
[TimeControl "180+2"]
[Date "2023.06.20"]
[WhiteClock "0:00:00"]
[BlackClock "0:00:04"]
[Board "50"]

1. e4 c5 2. Nc3 d6 3. f4 g6 4. Nf3 Bg7 5. Bc4 Nc6 6. O-O e6 7. d4 cxd4 8. Nb5 Nge7 9. Bb3 O-O 10. Nbxd4 Na5 11. Be3 b6 12. Kh1 Bb7 13. f5 Nxb3 14. axb3 e5 15. Nb5 Bxe4 16. fxg6 hxg6 17. Nxd6 Bxc2 18. Qxc2 Qxd6 19. Ng5 Rac8 20. Qe4 f6 21. Nf3 Qd5 22. Qg4 Rc7 23. b4 Rd8 24. Nh4 Rc4 25. Nxg6 Rxg4 26. Nxe7+ Kh8 27. Nxd5 Rxd5 28. Rxa7 Rxb4 29. Rc1 Rd3 30. Bg1 Rg4 31. h3 Rg6 32. Bxb6 Rb3 33. Bd8 Rxb2 34. Rg1 Kg8 35. Ra8 Kf7 36. Ra7+ Kg8 37. Ra8 Kh7 38. Ra7 Kh6 39. Rf7 Rf2 40. Bc7 e4 41. Bb6 Re2 42. Re7 Kg5 43. Bd8 Bf8 44. Re8 Bd6 45. Re6 Bf4 46. Ba5 Kf5 47. Re8 Rh6 48. Rf1 Kg5 49. Rg8+ Kf5 50. g4+ Ke5 51. Bc7+ Kd4 52. Bxf4 Rxh3+ 53. Kg1 Rh4 54. Rd1+ Kc3 55. Rc8+ Kb2 56. Rb8+ Kc2 57. Rc1+ Kd3 58. Rb3+ Kd4 59. Rb4+ Kd5 60. Rb5+ Ke6 61. Rc6+ Kf7 62. Rb7+ Kg6 63. Rbb6 Rxg4+ 64. Kf1 Rxf4+ 65. Kxe2 Kg5 66. Ke3 f5 67. Rc8 Rf3+ 68. Ke2 Kf4 69. Rh8 Ra3 70. Rh4+ Kg3 71. Rh8 Ra2+ 72. Ke3 Ra3+ 73. Ke2 Ra2+ 74. Ke3 Ra3+ 75. Kd4 Ra4+ 76. Ke5 Ra5+ 77. Ke6 e3 78. Rg8+ Kf3 79. Rb3 f4 80. Rh8 Kg3 81. Rg8+ Kf2 82. Rh8 Kf3 83. Rh3+ Ke4 84. Rh4 Ra6+ 85. Ke7 e2 86. Rb4+ Ke3 87. Rb3+ Ke4 88. Rb4+ Kd3 89. Rb1 f3 90. Rf4 Ke3 91. Rf5 Kf2 92. Re5 Ra3 93. Kf6 Re3 94. Rh5 e1=Q 95. Rh2+ Kg3 96. Rxe1 Rxe1 97. Rh5 f2 0-1


[Site "https://www.chess.com"]

[Event "Titled Tuesday Blitz June 20 Early 2023"]
[White "Fernandez Guillen, Ernesto J."]
[Black "Ljukin, Sergei"]
[WhiteFideId "3512428"]
[BlackFideId "14102200"]
[WhiteElo "2434"]
[BlackElo "2312"]
[Result "1-0"]
[Round "8"]
[TimeControl "180+2"]
[Date "2023.06.20"]
[WhiteClock "0:00:41"]
[BlackClock "0:00:00"]
[Board "51"]

1. e4 e6 2. Nf3 d5 3. Nc3 Nf6 4. e5 Nfd7 5. d4 c5 6. Ne2 cxd4 7. Nexd4 Nc6 8. Nxc6 bxc6 9. Bd3 f6 10. Bf4 g5 11. Nxg5 Nxe5 12. Qh5+ Ke7 13. Bxe5 fxe5 14. Qf7+ Kd6 15. f4 e4 16. Bxe4 Be7 17. Qg7 Bxg5 18. Qe5+ Kd7 19. fxg5 Rg8 20. h4 Qe7 21. O-O-O Ba6 22. Rhe1 Rae8 23. Bf3 Qd6 24. Qd4 c5 25. Qa4+ Qc6 26. Qg4 Kc7 27. Qh5 Rg7 28. Qh6 Rge7 29. Qf6 Kb8 30. Bh5 1-0


[Site "https://www.chess.com"]

[Event "Titled Tuesday Blitz June 20 Early 2023"]
[White "Bruedigam, Martin"]
[Black "Priasmoro, Novendra"]
[WhiteFideId "24608033"]
[BlackFideId "7105029"]
[WhiteElo "2331"]
[BlackElo "2412"]
[Result "0-1"]
[Round "8"]
[TimeControl "180+2"]
[Date "2023.06.20"]
[WhiteClock "0:00:00"]
[BlackClock "0:00:11"]
[Board "52"]

1. d4 Nf6 2. c4 e6 3. Nc3 d5 4. cxd5 exd5 5. Bg5 Be7 6. e3 O-O 7. Bd3 c6 8. h3 Ne8 9. Bf4 Nd6 10. Qc2 g6 11. Nf3 Re8 12. O-O Nd7 13. b4 a6 14. Na4 Nf6 15. Nc5 Nde4 16. Ne5 Nd6 17. a4 Nfe4 18. Rab1 Bf5 19. f3 Ng5 20. Bxf5 gxf5 21. Bxg5 Bxg5 22. f4 Bf6 23. b5 axb5 24. axb5 cxb5 25. Qf2 Qe7 26. Qg3+ Kh8 27. Qf3 b6 28. Ncd3 Rg8 29. Qxd5 Ne4 30. Kh1 Rg7 31. Rg1 Rag8 32. Rxb5 Ng3+ 33. Kh2 Ne2 34. Rbb1 Nxg1 35. Rxg1 Bh4 36. g4 fxg4 37. Rxg4 Bf6 38. Rxg7 Rxg7 39. Qe4 Bxe5 40. Nxe5 Qh4 41. Qf3 h6 42. Ng4 h5 43. Nf2 Kh7 44. Nd3 f6 45. Qe4+ Kh6 46. Qf3 f5 47. Qc6+ Kh7 48. Qf3 Rg6 49. Qb7+ Rg7 50. Qf3 b5 51. Nb4 Kh6 52. Nd5 Qe1 0-1


[Site "https://www.chess.com"]

[Event "Titled Tuesday Blitz June 20 Early 2023"]
[White "Srihari L R"]
[Black "Zaitsev, Alexander"]
[WhiteFideId "46617116"]
[BlackFideId "4164490"]
[WhiteElo "2334"]
[BlackElo "2373"]
[Result "1-0"]
[Round "8"]
[TimeControl "180+2"]
[Date "2023.06.20"]
[WhiteClock "0:01:21"]
[BlackClock "0:00:00"]
[Board "53"]

1. d4 Nf6 2. Bg5 d5 3. Nd2 e6 4. e3 Be7 5. Bd3 c5 6. c3 b6 7. f4 O-O 8. Nh3 Ba6 9. Bxa6 Nxa6 10. O-O Nb8 11. Nf2 Nc6 12. Qf3 Ne8 13. Bxe7 Nxe7 14. Nd3 Nd6 15. dxc5 bxc5 16. Nxc5 Rb8 17. Nd3 Nc4 18. Nb3 a5 19. Qe2 Qb6 20. Nd4 Nf5 21. Nxf5 exf5 22. Rfe1 Rfe8 23. b3 Nxe3 24. Qf2 d4 25. Ne5 f6 26. Nd7 Qd6 27. Nxb8 Rxb8 28. cxd4 Nd5 29. g3 1-0


[Site "https://www.chess.com"]

[Event "Titled Tuesday Blitz June 20 Early 2023"]
[White "Womacka, Mathias"]
[Black "Rahman, Masruri"]
[WhiteFideId "4611390"]
[BlackFideId "7101163"]
[WhiteElo "2377"]
[BlackElo "2256"]
[Result "0-1"]
[Round "8"]
[TimeControl "180+2"]
[Date "2023.06.20"]
[WhiteClock "0:00:56"]
[BlackClock "0:01:14"]
[Board "54"]

1. e4 e6 2. d4 d5 3. Nd2 c5 4. exd5 Qxd5 5. Ngf3 cxd4 6. Bc4 Qd6 7. O-O Nf6 8. Nb3 Nc6 9. Nbxd4 Nxd4 10. Nxd4 Bd7 11. c3 Qc7 12. Qe2 Bd6 13. Nb5 Bxb5 14. Bxb5+ Ke7 15. g3 h5 16. Bg5 Qc5 17. Bxf6+ gxf6 18. Rad1 h4 19. Kg2 Rag8 20. Ba4 Rg5 21. Rd3 b5 22. Bb3 Qf5 23. Qf3 hxg3 24. Qxf5 Rxh2+ 25. Kg1 gxf2# 0-1


[Site "https://www.chess.com"]

[Event "Titled Tuesday Blitz June 20 Early 2023"]
[White "Begunov, Konstantin"]
[Black "Fus, Jakub"]
[WhiteFideId "4118510"]
[BlackFideId "1193023"]
[WhiteElo "1993"]
[BlackElo "2335"]
[Result "0-1"]
[Round "8"]
[TimeControl "180+2"]
[Date "2023.06.20"]
[WhiteClock "0:00:00"]
[BlackClock "0:00:09"]
[Board "55"]

1. d4 d5 2. c4 e6 3. Nc3 Nf6 4. cxd5 exd5 5. Bg5 c6 6. e3 Bd6 7. Qc2 O-O 8. Bd3 h6 9. Bh4 Re8 10. Nf3 Be6 11. O-O Nbd7 12. Rab1 a5 13. a3 Qb8 14. Rfe1 Bg4 15. Bg3 Bxg3 16. hxg3 Qd6 17. Rbc1 Re7 18. Na4 g6 19. Nc5 Bxf3 20. gxf3 Nxc5 21. Qxc5 Qxc5 22. Rxc5 Nd7 23. Rcc1 Nb6 24. Kg2 a4 25. Rh1 Kg7 26. Rh4 h5 27. g4 hxg4 28. Rxg4 Nc8 29. Rh1 Nd6 30. Rgh4 Rc8 31. Rh7+ Kf6 32. R1h4 Ke6 33. Rg7 Nc4 34. Bxc4 dxc4 35. Rgh7 Rd8 36. Re4+ Kd7 37. Rf4 Ke6 38. Re4+ Kd6 39. Rf4 f5 40. Rh1 Ra8 41. Rfh4 Ra5 42. Rh6 Rg7 43. Rh7 Rxh7 44. Rxh7 Rb5 45. Rg7 Rxb2 46. Rxg6+ Ke7 47. e4 c3 48. d5 c2 49. dxc6 c1=Q 50. cxb7 Rb1 51. Kg3 Qg1+ 0-1


[Site "https://www.chess.com"]